 Dungeon Crawl Stone Soup version 0.29-a0-323-g050149af67 (webtiles) character file.

Game seed: 1209650896990391360

107474 stormannn the Eclecticist (level 16, -10/74 (76) HPs)
             Began as a Deep Elf Conjurer on Apr 10, 2022.
             Was a High Priest of Vehumet.
             Shot with a bolt by an orc warrior (12 damage)
             ... on level 2 of the Orcish Mines on Apr 13, 2022.
             The game lasted 03:38:39 (33349 turns).

stormannn the Eclecticist (Deep Elf Conjurer)      Turns: 33349, Time: 03:38:42

HP:   -10/74 (76)   AC:  9    Str:  4    XL:     16   Next: 0%
MP:   10/40         EV: 23    Int: 39    God:    Vehumet [*****.]
Gold: 1428          SH:  0    Dex: 13    Spells: 1/51 levels left

rFire   . . .      SeeInvis .   x - +10 spear of Disembowelment {venom, Int+7}
rCold   . . .      Faith    .   (no shield)
rNeg    . . .      Spirit   .   J - +0 steam dragon scales
rPois   .          Reflect  .   (no helmet)
rElec   .          Harm     .   t - +0 cloak
rCorr   .          Rampage  .   u - +1 pair of gloves
Will    +....                   G - +0 pair of boots
Stlth   ++........              O - amulet of magic regeneration
HPRegen 0.22/turn               o - ring of wizardry
MPRegen 0.67/turn               K - +4 ring of evasion

@: studying Fighting, lightly drained
A: no striking features
a: Renounce Religion


You were on level 2 of the Orcish Mines.
You worshipped Vehumet.
Vehumet was extremely pleased with you.
You visited 6 branches of the dungeon, and saw 24 of its levels.

You collected 2557 gold pieces.
You spent 1129 gold pieces at shops.

Inventory:

Hand Weapons
 g - the +8 flail "Nosh" {elec, *Rage MP+9 Str+3}
   (You found it on level 5 of the Dungeon)

   It occasionally discharges a powerful burst of electricity upon striking a
   foe.
   Str:       It affects your strength (+3).
   MP:        It affects your magic capacity (+9).
   *Rage:     It berserks you when you make melee attacks (+20% chance).
 x - the +10 spear of Disembowelment (weapon) {venom, Int+7}
   (You bought it in a shop on level 1 of the Orcish Mines)

   It poisons the flesh of those it strikes.
   Int:       It affects your intelligence (+7).
Missiles
 C - 5 throwing nets
Armour
 t - a +0 cloak (worn)
 u - a +1 pair of gloves (worn)
 G - a +0 pair of boots (worn)
 J - +0 steam dragon scales (worn)
 Q - the +4 scale mail "Ommyofai" {Int+6 Dex+6}
   (You found it on level 11 of the Dungeon)

   Int:       It affects your intelligence (+6).
   Dex:       It affects your dexterity (+6).
 W - the +4 moon troll leather armour {Spirit, Regen++ MP+5}
   (You found it on level 3 of the Lair of Beasts)

   MP:        It affects your magic capacity (+5).
   Regen:     It increases your rate of health regeneration.
Magical Staves
 H - a staff of earth
 I - a staff of poison
 Z - a staff of cold
Jewellery
 j - the amulet of the Middle {Faith *Corrode rElec Slay+2}
   (You took it off an orc on level 5 of the Dungeon)

   [amulet of faith]

   It allows you to gain divine favour quickly.
   Slay:      It affects your accuracy & damage with ranged weapons and melee
   (+2).
   rElec:     It insulates you from electricity.
   *Corrode:  It may corrode you when you take damage.
 o - a ring of wizardry (left hand)
 s - a ring of willpower
 y - an amulet of reflection
 K - a +4 ring of evasion (right hand)
 O - an amulet of magic regeneration (around neck)
 U - a ring of ice
Wands
 v - a wand of mindburst (7)
 A - a wand of polymorph (14)
 D - a wand of iceblast (17)
 P - a wand of acid (6)
 S - a wand of flame (13)
 T - a wand of digging (6)
 Y - a wand of paralysis (7)
Scrolls
 c - 2 scrolls of blinking
 d - 3 scrolls of enchant weapon
 e - a scroll of magic mapping
 f - 3 scrolls of vulnerability
 n - 6 scrolls of teleportation
 r - a scroll of enchant armour
 E - 6 scrolls of fog
 N - 5 scrolls of fear
 R - 2 scrolls of amnesia
 V - 2 scrolls of summoning
 X - a scroll of identify
Potions
 a - 5 potions of berserk rage
 b - 2 potions of magic
 h - 3 potions of invisibility
 i - 2 potions of cancellation
 k - 4 potions of resistance
 l - 5 potions of mutation
 m - 6 potions of attraction
 p - 5 potions of flight
 q - 3 potions of lignification
 w - 2 potions of brilliance
 z - 10 potions of curing
 B - a potion of ambrosia
 F - a potion of heal wounds
 L - 5 potions of might
 M - a potion of haste


   Skills:
 - Level 2.0 Armour
 + Level 15.2 Dodging
 - Level 2.4 Stealth
 + Level 18.2 Spellcasting
 - Level 13.1 Conjurations
 - Level 12.2 Hexes
 + Level 0.1 Summonings
 - Level 18.2 Necromancy
 - Level 6.0 Translocations


You had one spell level left.
You knew the following spells:

 Your Spells              Type           Power      Damage    Failure   Level
a - Magic Dart            Conj           100%       1d8       0%          1
b - Searing Ray           Conj           100%       2d8       0%          2
c - Summon Ice Beast      Ice/Summ       36%        N/A       3%          4
d - Iskenderun's Mystic   Conj/Tloc      83%        2d16      1%          4
e - Iron Shot             Conj/Erth      36%        9d7       1%          6
f - Gell's Gravitas       Tloc           70%        N/A       1%          3
g - Mephitic Cloud        Conj/Pois/Air  62%        N/A       1%          3
h - Stone Arrow           Conj/Erth      100%       3d13      1%          3
i - Lightning Bolt        Conj/Air       36%        1d54      1%          5
j - Infestation           Necr           54%        N/A       1%          8
k - Animate Dead          Necr           54%        N/A       0%          4
l - Summon Guardian Gole  Hex/Summ       70%        N/A       1%          3
m - Summon Lightning Spi  Summ/Air       36%        N/A       3%          4

Your spell library contained the following spells:

 Spells                   Type           Power      Damage    Failure   Level
 Lee's Rapid Deconstruct  Erth           17%        3d12*     2%          5
 Shock                    Conj/Air       100%       1d9       1%          1
 Summon Small Mammal      Summ           100%       N/A       1%          1
 Dazzling Flash           Conj/Hex       100%       N/A       0%          3
 Call Imp                 Summ           36%        N/A       1%          2
 Scorch                   Fire           70%        2d8       1%          2
 Call Canine Familiar     Summ           36%        N/A       1%          3
 Frozen Ramparts          Ice            70%        1d9       1%          3
 Swiftness                Air            35%        N/A       1%          3
 Teleport Other           Tloc           70%        N/A       1%          3
 Airstrike                Air            17%        N/A       1%          4
 Fulminant Prism          Conj/Hex       47%        3d21      1%          4
 Animate Armour           Summ/Erth      72%        N/A       3%          4
 Ice Form                 Ice/Tmut       35%        N/A       3%          4
 Dispersal                Tloc           35%        N/A       4%          6
 Haunt                    Necr/Summ      41%        N/A       6%          7
 Blade Hands              Tmut           17%        N/A       9%          5
 Storm Form               Tmut/Air       17%        N/A       93%         7
 Maxwell's Capacitive Co  Air            17%        ∞         98%         8


Dungeon Overview and Level Annotations

Branches:
Dungeon (11/15)            Temple (1/1) D:6            Lair (6/6) D:8
  Swamp (1/4) Lair:4       Spider (3/4) Lair:2        Slime (0/5) Lair:5
    Orc (2/2) D:10            Elf (0/3) Orc:2

Altars:
Ashenzari
Cheibriados
Dithmenos
Elyvilon
Fedhas
Gozag
Hepliaklqana
Kikubaaqudgha
Makhleb
Nemelex Xobeh
Okawaru
Qazlal
Ru
Sif Muna
Trog
Uskayaw
Vehumet
Wu Jian
Xom
Yredelemnul
Zin
The Shining One
Beogh

Shops:
Orc:1 [[*(

Annotations:
D:4 2 runed translucent doors, Crazy Yiuf; Heh's ghost, amateur OpBr
Lair:6 2 runed translucent doors
Orc:2 Saint Roka


Message History

Aim: Urug, wielding a +7 long sword, wearing a +0 ring mail and quivering silver javelins (heavily wounded, strong, infested, 55% to hit)
You hear a mighty clap of thunder!
The bolt of lightning hits Urug!!
Urug is almost dead.
You hear a shout!
Casting: Lightning Bolt (mildly dangerous; 1% risk of failure)
Confirm with . or Enter, or press ? or * to list all spells.
Aiming: Lightning Bolt (mildly dangerous; 1% risk of failure)
Press: ? - help, Shift-Dir - straight line, f - orc warrior, p - Urug
Aim: an orc warrior, wielding a +0 arbalest (strong, 51% to hit)
You hear a mighty clap of thunder!
The bolt of lightning misses Urug.
The bolt of lightning misses the orc warrior.
Saint Roka seems less confused.
Saint Roka hits your ice beast with a +1 long sword!!
Your ice beast dies!
Your ice beast disappears in a puff of smoke!
Urug is engulfed in noxious fumes.
Urug appears confused.
The orc warrior shoots a bolt.
The bolt completely misses you.
Casting: Lightning Bolt (mildly dangerous; 1% risk of failure)
Confirm with . or Enter, or press ? or * to list all spells.
Aiming: Lightning Bolt (mildly dangerous; 1% risk of failure)
Press: ? - help, Shift-Dir - straight line, f/p - orc warrior
Aim: an orc warrior, wielding a +0 arbalest (strong, 51% to hit)
You hear a mighty clap of thunder!
The bolt of lightning hits Urug!!!
You kill Urug!
Vehumet accepts your kill.
You feel your power returning.
The bolt of lightning hits the orc warrior.
The orc warrior is lightly wounded.
A death scarab bursts from Urug!
You hear a shout!
The orc knight shoots a bolt.
The bolt hits you!
* * * LOW HITPOINT WARNING * * *
Saint Roka calls down the wrath of Beogh upon you.
Beogh smites you!
* * * LOW HITPOINT WARNING * * *
The orc warrior shoots a bolt.
The bolt hits you!
You die...

#..<)...o.. #.[.
#.##..)))....# .##.[..
...##§oo...o.# ........
...##oo).)...# ........###
.....o))[.....#
.........#.##...)...).......
......>.#.......○.).))).....
....$..[.)...B.$...).......
..$.......@....[§o)........
#........)...[$..co......
##....8......[...o)o)....
#.....$#..)..)......[....
#.............[.[..[..)..
##$.#.........[.)...$)<..
#...#...........$.......
#.........#...$.......(.#
##..##...#..............#


You could see Saint Roka (infested, ally target), an orc knight (strong), an orc
warrior (strong), a friendly death scarab and a friendly lightning spire
(summoned).

Vanquished Creatures
  An emperor scorpion (Spider:3)
  4 broodmothers
  2 entropy weavers
  A spark wasp (Spider:3)
  Snorg (Orc:1)
  A boulder beetle (Spider:1)
  8 hydras
  12 two-headed ogres
  A catoblepas (Lair:5)
  A jorogumo (Spider:2)
  Harold (Orc:1)
  A centaur warrior (Orc:2)
  A radroach (Spider:2)
  4 death yaks
  Urug (Orc:2)
  Sonja (Lair:4)
  2 pharaoh ants (Spider:1)
  2 sun moths
  Lodul (D:11)
  5 steelbarb worms
  8 orb spiders
  A lindwurm (Lair:6)
  An oklob plant (Lair:5)
  3 orc sorcerers
  8 wolf spiders
  3 deep elf pyromancers
  An ugly thing (D:11)
  2 manticores
  A moth of wrath (Spider:2)
  A cyclops (Orc:2)
  3 molten gargoyles (Lair:6)
  5 black mambas (Lair:6)
  5 torpor snails
  8 cane toads
  5 rime drakes
  Maggie (D:7)
  3 kobold demonologists
  8 komodo dragons
  5 demonic crawlers
  A freezing wraith (D:10)
  2 trolls
  A hornet (D:9)
  11 tarantellas
  A polar bear (Lair:4)
  A slime creature (D:7)
  Prince Ribbit (D:6)
  5 blink frogs (Lair:6)
  12 dream sheep
  21 jumping spiders
  4 shadows
  11 culicivoras
  2 wraiths
  28 yaks
  8 wyverns
  A vampire (D:11)
  6 steam dragons
  10 basilisks
  39 redbacks
  5 vampire mosquitoes
  2 wargs
  An acid dragon (D:11)
  15 water moccasins
  3 hell hounds (Lair:6)
  37 orc warriors
  2 ice beasts
  5 sky beasts
  2 black bears
  13 ogres
  30 wolves
  9 centaurs
  2 phantoms (D:5)
  Blork the orc (D:5)
  5 kobold brigands
  18 bullfrogs
  A necrophage (D:5)
  A gnoll sergeant (D:9)
  A scorpion (D:6)
  9 wights
  A killer bee (D:7)
  7 howler monkeys
  6 electric eels
  4 lava snakes (Lair:6)
  16 orc priests
  6 hounds
  4 jellies
  5 gnoll shamans
  Terence (D:2)
  6 hell rats (Lair:6)
  2 iguanas (D:6)
  21 orc wizards
  Robin (D:3)
  19 gnolls
  9 adders
  A shadow imp (D:7)
  14 white imps
  3 worms
  2 dart slugs
  75 orcs
  9 endoplasms
  2 giant cockroaches
  11 goblins
  7 hobgoblins
  12 jackals
  8 kobolds
  4 quokkas
  7 ball pythons
  5 bats
  8 frilled lizards
  9 rats
735 creatures vanquished.

Vanquished Creatures (collateral kills)
  An orc knight (Orc:2)
  4 orc warriors (Orc:2)
5 creatures vanquished.

Vanquished Creatures (others)
  64 fulminant prisms
  37 fungi
  55 plants
  3 toadstools (D:10)
159 creatures vanquished.

Grand Total: 899 creatures vanquished

Notes
Turn   | Place    | Note
-------+----------+-------------------------------------------
     0 | D:1      | stormannn the Deep Elf Conjurer began the quest for the
                  | Orb.
     0 | D:1      | Reached XP level 1. HP: 10/10 MP: 6/6
   227 | D:1      | Reached XP level 2. HP: 15/15 MP: 5/8
   541 | D:1      | Found a faded altar of an unknown god.
   802 | D:1      | Reached XP level 3. HP: 19/19 MP: 8/10
   863 | D:2      | Learned a level 2 spell: Searing Ray
   898 | D:2      | Noticed Terence
   905 | D:2      | Killed Terence
   906 | D:2      | Reached skill level 5 in Conjurations
  1061 | D:2      | Reached XP level 4. HP: 24/24 MP: 6/12
  1083 | D:2      | Reached skill level 1 in Hexes
  1844 | D:3      | Learned a level 4 spell: Fulminant Prism
  1849 | D:3      | Learned a level 4 spell: Iskenderun's Mystic Blast
  2570 | D:3      | Reached XP level 5. HP: 28/28 MP: 11/14
  2580 | D:3      | Noticed Robin
  2588 | D:3      | Killed Robin
  2933 | D:4      | Reached skill level 5 in Spellcasting
  3020 | D:4      | Found a runed translucent door.
  3021 | D:4      | Noticed Crazy Yiuf
  3138 | D:4      | Found a runed translucent door.
  3145 | D:4      | Noticed Heh's ghost (amateur OpBr)
  3465 | D:4      | Reached XP level 6. HP: 32/32 MP: 8/16
  3760 | D:5      | Entered Level 5 of the Dungeon
  3773 | D:5      | Noticed Blork the orc
  4180 | D:5      | Noticed a sky beast
  4180 | D:5      | Noticed a two-headed ogre
  4204 | D:5      | Killed a sky beast
  4205 | D:5      | Reached skill level 1 in Translocations
  4426 | D:6      | Reached XP level 7. HP: 34/36 MP: 1/18
  4547 | D:6      | Noticed Prince Ribbit
  4576 | D:6      | Killed Prince Ribbit
  5216 | D:6      | Found a staircase to the Ecumenical Temple.
  5221 | D:6      | Reached skill level 5 in Dodging
  5221 | D:6      | Reached XP level 8. HP: 38/41 MP: 14/21
  5225 | Temple   | Entered the Ecumenical Temple
  5526 | Temple   | Became a worshipper of Vehumet
  5788 | D:6      | Noticed a two-headed ogre
  6467 | D:7      | HP: 2/41 [poisoned by a kobold brigand]
  6557 | D:7      | Noticed a manticore
  6564 | D:7      | Noticed Maggie
  6958 | D:7      | Reached XP level 9. HP: 40/45 MP: 6/24
  7117 | D:7      | Reached skill level 10 in Spellcasting
  7396 | D:7      | Killed Maggie
  7656 | D:7      | Killed a manticore
  7657 | D:7      | Reached skill level 10 in Conjurations
  7662 | D:7      | Reached * piety under Vehumet
  7662 | D:7      | Offered knowledge of Sandblast by Vehumet.
  8094 | D:7      | Noticed a deep elf pyromancer
  8101 | D:7      | Killed a deep elf pyromancer
  8102 | D:7      | Reached XP level 10. HP: 50/50 MP: 20/27
  8166 | D:7      | Learned a level 6 spell: Dispersal
  8170 | D:7      | Learned a level 3 spell: Gell's Gravitas
  8174 | D:7      | Noticed a two-headed ogre
  8201 | D:7      | Killed a two-headed ogre
  8560 | D:7      | Noticed a four-headed hydra
  8578 | D:7      | Killed a four-headed hydra
  8636 | D:7      | Noticed a deep elf pyromancer
  8640 | D:7      | Killed a deep elf pyromancer
  8641 | D:7      | Reached skill level 5 in Translocations
  8951 | D:7      | Offered knowledge of Freeze by Vehumet.
  9084 | D:7      | Reached ** piety under Vehumet
  9085 | D:7      | Reached skill level 1 in Necromancy
  9842 | D:8      | Noticed a two-headed ogre
  9849 | D:8      | Killed a two-headed ogre
  9850 | D:8      | Reached XP level 11. HP: 54/54 MP: 17/30
 10245 | D:8      | Found a staircase to the Lair.
 10644 | D:5      | Killed a two-headed ogre
 10663 | D:5      | Identified the +8 flail "Nosh" {elec, *Rage MP+9 Str+3}
 10843 | D:5      | Identified the amulet of the Middle {Faith *Corrode rElec
                  | Slay+2}
 11410 | D:5      | Reached skill level 10 in Dodging
 11549 | D:5      | Killed Blork the orc
 11780 | D:6      | Killed a two-headed ogre
 11781 | D:6      | Reached skill level 5 in Necromancy
 11884 | D:6      | Found an iron altar of Okawaru.
 11888 | D:6      | Identified the +9 hand axe of Enocwas {drain, Fragile rF+
                  | Str+4 Dex+4}
 12397 | D:8      | Learned a level 3 spell: Mephitic Cloud
 12444 | D:9      | Offered knowledge of Scorch by Vehumet.
 12448 | D:9      | Learned a level 2 spell: Scorch
 13508 | D:9      | Noticed a two-headed ogre
 13530 | D:9      | Killed a two-headed ogre
 13695 | D:9      | Noticed a two-headed ogre
 13708 | D:9      | Killed a two-headed ogre
 14047 | D:10     | Entered Level 10 of the Dungeon
 14293 | D:10     | Found a staircase to the Orcish Mines.
 14333 | D:10     | Reached *** piety under Vehumet
 14968 | D:10     | Reached skill level 10 in Necromancy
 14968 | D:10     | Reached XP level 12. HP: 59/59 MP: 32/32
 15084 | Orc:1    | Entered Level 1 of the Orcish Mines
 15093 | Orc:1    | Offered knowledge of Stone Arrow by Vehumet.
 15098 | Orc:1    | Learned a level 3 spell: Stone Arrow
 15207 | Orc:1    | Noticed Snorg
 15218 | Orc:1    | Killed Snorg
 15219 | Orc:1    | Reached XP level 13. HP: 63/63 MP: 25/33
 15299 | Orc:1    | Noticed Harold
 15306 | Orc:1    | Found Ilorou's Weapon Shop.
 15310 | Orc:1    | Killed Harold
 15344 | Orc:1    | Reached **** piety under Vehumet
 15357 | Orc:1    | Offered knowledge of Lightning Bolt by Vehumet.
 15603 | Orc:1    | Found Ragacire's Assorted Antiques.
 15697 | Orc:1    | Found Macitz's Antique Armour Boutique.
 15699 | Orc:1    | Found Iggihot's Armour Shop.
 15925 | Orc:1    | Learned a level 5 spell: Lightning Bolt
 15926 | Orc:2    | Entered Level 2 of the Orcish Mines
 15926 | Orc:2    | Found a staircase to the Elven Halls.
 16295 | Orc:2    | Noticed Saint Roka
 16790 | Orc:2    | Noticed Urug
 17350 | D:11     | Reached skill level 10 in Hexes
 17376 | D:11     | Noticed Lodul
 17452 | D:11     | Reached ***** piety under Vehumet
 17465 | D:11     | Offered knowledge of Hailstorm by Vehumet.
 17618 | D:11     | Killed Lodul
 17818 | D:11     | Found a radiant altar of Vehumet.
 17824 | D:11     | Identified the +4 scale mail "Ommyofai" {Int+6 Dex+6}
 17872 | D:11     | Reached skill level 15 in Spellcasting
 18063 | Lair:1   | Entered Level 1 of the Lair of Beasts
 19023 | Lair:1   | Reached XP level 14. HP: 59/68 MP: 35/35
 20006 | Lair:2   | Found a hole to the Spider Nest.
 20981 | Lair:3   | Offered knowledge of Yara's Violent Unravelling by Vehumet.
 21277 | Lair:3   | Found the +4 moon troll leather armour {Spirit, Regen++
                  | MP+5}
 21767 | Lair:4   | Reached skill level 1 in Armour
 21863 | Lair:4   | Found a staircase to the Swamp.
 21869 | Lair:4   | Noticed Sonja
 21872 | Lair:4   | Killed Sonja
 22417 | Lair:4   | Found a frozen archway.
 23101 | Lair:4   | Learned a level 6 spell: Iron Shot
 23613 | Lair:5   | Found a staircase to the Slime Pits.
 24265 | Lair:6   | Entered Level 6 of the Lair of Beasts
 25294 | Lair:6   | Reached skill level 15 in Necromancy
 25448 | Lair:6   | Found a large runed translucent door.
 25449 | Lair:6   | Found a large runed translucent door.
 25664 | Lair:6   | Offered knowledge of Eringya's Noxious Bog by Vehumet.
 27485 | Swamp:1  | Entered Level 1 of the Swamp
 27611 | Swamp:1  | Noticed a fenstrider witch
 27723 | Spider:1 | Entered Level 1 of the Spider Nest
 27738 | Spider:1 | Reached XP level 15. HP: 62/72 MP: 19/37
 29227 | Spider:1 | Learned a level 8 spell: Infestation
 29303 | Spider:2 | Offered knowledge of Lee's Rapid Deconstruction by Vehumet.
 31298 | Spider:3 | Reached skill level 15 in Dodging
 31756 | Spider:3 | Noticed an emperor scorpion
 31763 | Spider:3 | Killed an emperor scorpion
 32790 | Orc:2    | Reached XP level 16. HP: 45/76 MP: 33/40
 33143 | Orc:1    | Bought the +10 spear of Disembowelment {venom, Int+7} for
                  | 1129 gold pieces
 33149 | Orc:1    | Learned a level 4 spell: Animate Dead
 33153 | Orc:1    | Learned a level 3 spell: Summon Guardian Golem
 33158 | Orc:1    | Learned a level 4 spell: Summon Lightning Spire
 33164 | Orc:1    | Learned a level 4 spell: Summon Ice Beast
 33349 | Orc:2    | Killed Urug
 33349 | Orc:2    | HP: 2/74 [Saint Roka/divine providence (13)]
 33349 | Orc:2    | Shot with a bolt by an orc warrior

Illustrated notes

Levels and vault maps discovered:
D:1:      minmay_arrival_semitransparent, layout_basic, basic_ecumenical_altar
D:2:      layout_basic, grunt_ministairs_15, bh_walls_and_bars, uniq_terence
D:3:      layout_basic, nicolae_elevator_lobby_asterisk, uniq_robin
D:4:      layout_gridville, ebering_ghost_sewer_d, uniq_crazy_yiuf_cottage
D:5:      layout_cave_pods, grunt_ministairs_13, uniq_blork_the_orc
D:6:      layout_basic, mainiacjoe_overflow_paths, temple_doors_e,
          lemuel_flame_loot_1, uniq_prince_ribbit1
D:7:      minmay_the_grid_octo_tiled_octocenter [minmay_the_grid_octo_horde,
          minmay_the_grid_octo_fat_diamond, minmay_the_grid_octo_clover_2,
          minmay_the_grid_octo_chip, minmay_the_grid_octo_prize_big_c,
          minmay_the_grid_square_5x5_three_walls,
          minmay_the_grid_square_5x5_plus, minmay_the_grid_square_5x5_v,
          minmay_the_grid_square_5x5_shrine1], layout_loops_ring, st_stairs_9,
          uniq_maggie
D:8:      layout_loops_ring, david_lair_shrubbed, chequers_avenue
D:9:      layout_gridville
D:10:     layout_loops_ring, david_orc_1_choice, minmay_gold_behind_fungi
D:11:     wad_pebble_path, layout_basic, vehumet_crystals, uniq_lodul
Temple:   mainiacjoe_temple_circle_huts
Lair:1:   layout_cave_pods, cheibrodos_lair_reptile_den, serial_bayou_shore_a,
          grunt_megastairs_5
Lair:2:   layout_cave_pods, spider_nest_entry_rubble
Lair:3:   nzn_winding_woodlands_three_and_one
          [nzn_winding_woodlands_5x15_lazy_stream,
          nzn_winding_woodlands_5x15_river_crossing,
          nzn_winding_woodlands_5x15_longhouse,
          nzn_winding_woodlands_center_diamonds], layout_hall_layers,
          infiniplex_staircase_pool
Lair:4:   layout_layer_cave, swamp_mist, portal_ice_cave_entry_imps,
          wad_woods_river_02, uniq_sonja
Lair:5:   layout_hall_layers, minmay_slime_entry_oklob_enclosed
Lair:6:   cheibrodos_lair_end_hotspot, layout_regular_city,
          dreamdust_mushroom_princess
Swamp:1:  layout_basic_swamp, gammafunk_ghost_hydra_chop, serial_swamp_ruin,
          evilmike_swamp_ruin_house_5, evilmike_swamp_ruin_house_3,
          evilmike_swamp_ruin_wall, swamp_pool4, uniq_aizul
Spider:1: layout_spider_delve
Spider:2: layout_chambers, nicolae_spider_twisty_arc_passages
Spider:3: layout_chambers
Orc:1:    layout_diamond_mine, serial_shops, shop, shop,
          nicolae_shop_bloodbath_and_beyond,
          nicolae_shop_competitors_out_of_business, nicolae_orc_lost_temple,
          uniq_harold, uniq_snorg
Orc:2:    st_orc_rangers, layout_caves, mines4_lemuel, uniq_urug,
          uniq_saint_roka

Skill      XL: |  1  2  3  4  5  6  7  8  9 10 11 12 13 14 15 |
---------------+----------------------------------------------+-----
Dodging        | 3 4 5 6 7 9 11 12 13 15 | 15.2
Spellcasting   | 4 5 6 7 9 11 13 14 15 16 18 | 18.2
Conjurations   | 5 6 7 9 10 11 12 13 | 13.1
Hexes          | 1 2 4 8 9 11 12 | 12.2
Translocations | 1 2 6 |  6.0
Necromancy     | 3 10 12 15 18 | 18.2
Armour         | 2 |  2.0
Stealth        | |  2.4
Summonings     | |  0.1

Action                   |  1- 3 |  4- 6 |  7- 9 | 10-12 | 13-15 | 16-18 || total
-------------------------+-------+-------+-------+-------+-------+-------++-------
Melee: Whip              |       |       |     1 |       |       |       ||     1
       Flail             |       |       |       |       |     3 |       ||     3
       Spear             |       |       |       |       |       |     1 ||     1
 Cast: Magic Dart        |    42 |   121 |    65 |   220 |   124 |       ||   572
       Searing Ray       |     3 |    17 |    56 |    86 |     7 |       ||   169
       Fulminant Prism   |       |     6 |     9 |    16 |    33 |       ||    64
       Iskenderun's Myst |       |       |     7 |    77 |   151 |     3 ||   238
       Gell's Gravitas   |       |       |       |     2 |    12 |       ||    14
       Mephitic Cloud    |       |       |       |    10 |    33 |     2 ||    45
       Scorch            |       |       |       |     3 |       |       ||     3
       Stone Arrow       |       |       |       |     4 |   572 |       ||   576
       Lightning Bolt    |       |       |       |       |    74 |     4 ||    78
       Iron Shot         |       |       |       |       |    84 |     1 ||    85
       Infestation       |       |       |       |       |     2 |     2 ||     4
       Animate Dead      |       |       |       |       |       |     2 ||     2
       Summon Ice Beast  |       |       |       |       |       |     2 ||     2
       Summon Guardian G |       |       |       |       |       |     2 ||     2
       Summon Lightning  |       |       |       |       |       |     1 ||     1
Evoke: Wand              |       |       |     8 |     8 |       |       ||    16
  Use: Scroll            |       |    12 |     4 |    12 |     5 |     1 ||    34
       Potion            |       |       |     6 |     1 |     3 |     1 ||    11
Armor: Robe              |       |     3 |    17 |       |       |       ||    20
       Steam dragon scal |       |       |       |     7 |    18 |     2 ||    27
Dodge: Dodged            |       |    21 |    64 |    22 |   162 |    41 ||   310
Block: Other             |       |       |    10 |     6 |       |       ||    16
       Reflection        |       |       |       |     3 |       |       ||     3

Table legend: (Time is in decaauts)
 A = Elapsed time spent in this place.
 B = Non-inter-level travel time spent in this place.
 C = Inter-level travel time spent in this place.
 D = Time resting spent in this place.
 E = Time spent auto-exploring this place.
 F = Levels seen in this place.
 G = Mean time per level.
                   A        B        C        D        E       F      G
               +--------+--------+--------+--------+--------+-----+--------+
         Total |  33535 |  31133 |   2402 |  11113 |  13921 |  24 | 1397.3 |
       Dungeon |  16609 |  15357 |   1252 |   6495 |   6121 |  11 | 1509.9 |
        Temple |    323 |    302 |     21 |     12 |    258 |   1 |  323.0 |
          Lair |   8363 |   7692 |    671 |   1367 |   4853 |   6 | 1393.8 |
         Swamp |    146 |    146 |      0 |      0 |      0 |   1 |  146.0 |
   Spider Nest |   4861 |   4684 |    177 |   1162 |   2259 |   3 | 1620.3 |
  Orcish Mines |   3230 |   2951 |    279 |   2077 |    430 |   2 | 1615.0 |
               +--------+--------+--------+--------+--------+-----+--------+

Top non-repeatable levels by time:
   Orc:1: 3095 daAuts
     D:6: 2779 daAuts
     D:7: 2616 daAuts
    D:10: 1862 daAuts
     D:9: 1792 daAuts
Spider:3: 1753 daAuts
Spider:2: 1742 daAuts
  Lair:1: 1642 daAuts
  Lair:6: 1632 daAuts
     D:5: 1489 daAuts
  Lair:4: 1447 daAuts
Spider:1: 1365 daAuts
     D:8: 1286 daAuts
  Lair:3: 1262 daAuts
     D:4: 1219 daAuts
